AoeStats
← Jonninator

Arabia

510134006Analyzed
1v1 RM · 2d ago on Sep 29, 2026· 47m 17s· 2 players
Game mode
Random Map
Map size
Tiny (2 player)
Population
200
Speed
Normal
Resources
Standard
Victory
Conquest
Starting age
Dark Age
Ending age
Imperial Age
RankedLock teamsTeams togetherTeam positionsShared explorationLock speedFull tech treeHidden civsTurbo modeCheats
Victory
Defeat
🇺🇸 Saracens · United States
1062
+15
🇨🇦 Huns · Canada
1046
-15
Jonninator
8:55 Loom
10:41 Feudal Age
17:29 Castle Age
26:14 Bloodlines
34:40 Marauders
35:48 Scale Barding Armor
35:49 Husbandry
37:06 Forging
bgard90
5:58 Loom
9:57 Feudal Age
10:41 Double-Bit Axe
13:13 Fletching
20:01 Castle Age
18:37 Padded Archer Armor
20:47 Bodkin Arrow
20:20 Crossbowman
21:47 Gold Mining
23:07 Pikeman
29:45 Wheelbarrow
30:31 Ballistics
32:16 Thumb Ring
35:14 Leather Archer Armor
38:58 Bow Saw
43:12 Imperial Age
44:15 Arbalester
44:57 Bracer
45:27 Ring Archer Armor
47:10 Chemistry
Connection lost

Rejoining the realm…

Still unreachable

The connection could not be restored.

Session expired

The server has moved on; the page needs a fresh start.